 Dungeon Crawl Stone Soup version 0.30-b1-2-g02819fbbbe (webtiles) character file.

Game seed: 2415485681525881846

238 Alarkh the Shooter (level 5, -6/37 HPs)
             Began as a Demonspawn Hexslinger on July 7, 2023.
             Mangled by a sleepcap (14 damage)
             ... on level 4 of the Dungeon.
             The game lasted 00:03:27 (2412 turns).

Alarkh the Shooter (Demonspawn Hexslinger)          Turns: 2412, Time: 00:03:28

Health: -6/37      AC:  3    Str:  9 (10) XL:     5   Next: 78%
Magic:  6/6        EV:  2    Int: 16      God:
Gold:   196        SH:  0    Dex: 16      Spells: 5/6 levels left

rFire   . . .        x - +0 shortbow
rCold   . . .        (shield currently unavailable)
rNeg    . . .        c - +0 robe
rPois   .            (no helmet)
rElec   .            w - +0 cloak
rCorr   .            (no gloves)
SInv    .            (no boots)
Will    .....        (no amulet)
Stlth   ++           (no ring)
HPRegen 0.26/turn    (no ring)
MPRegen 0.10/turn

%: no passive effects
@: sleeping
A: thin skeletal structure 1, demonic magic 1
a: no special abilities


You were on level 4 of the Dungeon.
You visited 2 branches of the dungeon, and saw 5 of its levels.

You collected 196 gold pieces.

Inventory:

Hand Weapons
 a - a +1 sling
 b - a +3 dagger of protection
 x - a +0 shortbow (weapon)
Armour
 c - a +0 robe (worn)
 w - a +0 cloak (worn)
Scrolls
 d - a scroll of brand weapon {unknown}
 f - a scroll of blinking {unknown}
 g - a scroll of enchant armour {unknown}
 h - 4 scrolls of identify {unknown}
 j - a scroll of noise {unknown}
 k - 2 scrolls of poison
 l - a scroll of summoning {unknown}
 n - a scroll of amnesia {unknown}
 o - a scroll of teleportation {unknown}
 p - a scroll of vulnerability {unknown}
 q - a scroll of enchant weapon {unknown}
 r - a scroll of silence {unknown}
 s - a scroll of fog {unknown}
 t - a scroll of fear {unknown}
 v - a scroll of magic mapping {unknown}
Potions
 e - 3 potions of degeneration
 i - 3 potions of lignification
 m - a potion of haste
 u - a potion of might {unknown}
 z - a potion of brilliance {unknown}
 A - a potion of curing {unknown}


   Skills:
 - Level 1.0 Fighting
 + Level 5.6 Ranged Weapons
 - Level 1.7 Dodging
 - Level 1.0 Spellcasting
 - Level 3.0 Hexes


You had 5 spell levels left.
You knew the following spells:

 Your Spells              Type           Power      Damage    Failure   Level
a - Slow                  Hex            40%        N/A       7%          1

Your spell library contained the following spells:

 Spells                   Type           Power      Damage    Failure   Level
 Freeze                   Ice            0%         1d3       22%         1
 Sting                    Tmut/Pois      0%         1d3       22%         1
 Blink                    Tloc           0%         N/A       34%         2
 Poisonous Vapours        Pois/Air       0%         N/A       34%         2
 Inner Flame              Hex/Fire       5%         N/A       36%         3
 Portal Projectile        Hex/Tloc       10%        N/A       36%         3
 Cause Fear               Hex            5%         N/A       54%         4
 Frozen Ramparts          Ice            0%         1d1       56%         3
 Hailstorm                Conj/Ice       0%         3d3       56%         3
 Manifold Assault         Tloc           0%         N/A       92%         4
 Olgreb's Toxic Radiance  Pois           0%         N/A       92%         4
 Storm Form               Tmut/Air       0%         N/A       100%        7


Dungeon Overview and Level Annotations

Branches:
Dungeon (4/15)             Temple (1/1) D:4

Altars:
Kikubaaqudgha
Makhleb
Qazlal
Ru
Trog
Vehumet
Wu Jian
Xom
Yredelemnul


Innate Abilities, Weirdness & Mutations

You have a somewhat thin skeletal structure. (Dex +2, Stealth+)
Spells you cast may paralyse adjacent enemies.


Message History

The sleepcap releases spores at you. x2
You are engulfed in a cloud of soporific spores!
You fall asleep.
The sleepcap releases spores at you!
You wake up.
You shoot an arrow. The arrow hits the sleepcap.
The sleepcap is severely damaged.
The sleepcap releases spores at you.
You are too injured to fight recklessly!
You are too injured to fight recklessly!
You shoot an arrow.
The arrow completely misses the sleepcap.
The arrow hits the sleepcap but does no damage.
The sleepcap barely misses you.
You shoot an arrow. The arrow hits the sleepcap.
The sleepcap is almost destroyed.
The sleepcap releases spores at you but does no damage.
You shoot an arrow. The arrow hits the sleepcap.
You destroy the sleepcap!
You shoot an arrow. The arrow hits the sleepcap.
The sleepcap is lightly damaged.
The sleepcap releases spores at you.
The sleepcap releases spores at you but does no damage.
You shoot an arrow. The arrow hits the sleepcap.
The sleepcap is moderately damaged.
The sleepcap completely misses you.
You shoot an arrow. The arrow hits the sleepcap.
The sleepcap is moderately damaged.
The sleepcap barely misses you.
You shoot an arrow.
The arrow hits the sleepcap but does no damage.
The sleepcap is moderately damaged.
The sleepcap closely misses you.
You shoot an arrow. The arrow hits the sleepcap.
The sleepcap is moderately damaged.
The sleepcap barely misses you. The sleepcap releases spores at you!
* * * LOW HITPOINT WARNING * * *
You are engulfed in a cloud of soporific spores!
You fall asleep.
The sleepcap releases spores at you!
You die...

...............#...†...
#..............#.......
#.......................
#.......................
..........)...##.............
...........#8.8#...#.#......#
#>.........8...8....##......# B.
###........8.>.8............#....
#........8...8@#####...##. ....
#####....#888#f###.......##.#..
#....##..........###.......
##.#..#.......f............
###.......#..#............
###...###...............
#.....####....#........ #......#
######.#...!.. ##....## ######...


You could see a sleepcap.

Vanquished Creatures
  A centaur (D:3)
  A sleepcap (D:4)
  Jessica (D:2)
  A gnoll (D:1)
  2 adders
  A worm (D:2)
  2 dart slugs
  6 endoplasms
  3 giant cockroaches
  8 goblins
  10 hobgoblins
  4 jackals
  5 quokkas
  7 ball pythons
  3 bats
  2 frilled lizards (D:2)
  5 kobolds
  4 rats
66 creatures vanquished.

Notes
Turn   | Place    | Note
-------+----------+-------------------------------------------
     0 | D:1      | Alarkh the Demonspawn Hexslinger began the quest for the
                  | Orb.
     0 | D:1      | Reached XP level 1. HP: 15/15 MP: 2/2
    41 | D:1      | Reached skill level 2 in Ranged Weapons
   113 | D:1      | Gained mutation: You have a somewhat thin skeletal
                  | structure. (Dex +2, Stealth+) [demonic ancestry]
   113 | D:1      | Reached XP level 2. HP: 21/21 MP: 3/3
   323 | D:1      | Reached skill level 3 in Ranged Weapons
   399 | D:1      | Reached XP level 3. HP: 26/26 MP: 4/4
   894 | D:2      | Noticed Jessica
   918 | D:2      | Killed Jessica
   919 | D:2      | Reached skill level 4 in Ranged Weapons
   919 | D:2      | Reached XP level 4. HP: 19/32 MP: 5/5
   988 | D:2      | Identified the +5 ring mail of Integrity {Will+ Slay+2}
  1106 | D:2      | Found a sacrificial altar of Ru.
  1814 | D:3      | Found a basalt altar of Yredelemnul.
  1956 | D:3      | Noticed a centaur
  1968 | D:3      | Killed a centaur
  1969 | D:3      | Reached skill level 5 in Ranged Weapons
  1969 | D:3      | Gained mutation: Spells you cast may paralyse adjacent
                  | enemies. [demonic ancestry]
  1969 | D:3      | Reached XP level 5. HP: 15/37 MP: 3/6
  2248 | D:4      | Found a staircase to the Ecumenical Temple.
  2267 | Temple   | Entered the Ecumenical Temple
  2412 | D:4      | Mangled by a sleepcap

Illustrated notes

Levels and vault maps discovered:
D:1:      dpeg_arrival_fog, layout_basic
D:2:      layout_rooms, basic_altar, uniq_jessica
D:3:      layout_loops_ring, mainiacjoe_overflow_surrounded_room
D:4:      layout_cave_pools, tso_altar, minmay_temple_entry_statues,
          serial_shops, nicolae_shop_rolling_square,
          chequers_serial_rivers_micro_d, uniq_eustachio, uniq_grinder
Temple:   nicolae_temple_great_sept

Skill      XL: |  1  2  3  4 |
---------------+-------------+-----
Ranged Weapons | 2 3 4 5 |  5.6
Fighting       | |  1.0
Dodging        | |  1.7
Spellcasting   | |  1.0
Hexes          | |  3.0

Action                     |  1- 3 |  4- 6 || total
---------------------------+-------+-------++-------
   Fire: Sling             |   101 |    88 ||   189
         Shortbow          |       |    24 ||    24
   Cast: Slow              |       |     2 ||     2
    Use: Potion            |       |     3 ||     3
 Armour: Robe              |     8 |     6 ||    14
  Dodge: Dodged            |    37 |    25 ||    62
